AoeStats
← Azatapower

Arena

505343059Analyzed
1v1 RM · 23d ago on Sep 9, 2026· 35m 14s· 2 players
Game mode
Random Map
Map size
Tiny (2 player)
Population
200
Speed
Normal
Resources
Standard
Victory
Conquest
Starting age
Dark Age
Ending age
Imperial Age
RankedLock teamsTeams togetherTeam positionsShared explorationLock speedFull tech treeHidden civsTurbo modeCheats
Victory
Defeat
🇦🇺 Spanish · Australia
1299
+17
🇧🇷 Britons · Brazil
1327
-17
ConditionZero
11:16 Feudal Age
14:52 Castle Age
13:06 Double-Bit Axe
13:23 Horse Collar
14:17 Gold Mining
16:52 Loom
24:39 Fletching
26:00 Bodkin Arrow
34:13 Padded Archer Armor
Azatapower
10:53 Feudal Age
15:14 Castle Age
13:12 Stone Mining
13:10 Loom
14:18 Fletching
17:16 Horse Collar
19:35 Gold Mining
30:18 Bodkin Arrow
Connection lost

Rejoining the realm…

Still unreachable

The connection could not be restored.

Session expired

The server has moved on; the page needs a fresh start.